 Dungeon Crawl Stone Soup version 0.22-a0-307-g2b15929 (webtiles) character file.

112448 mhoghedin the Spry (level 16, -11/86 HPs)
             Began as a Spriggan Earth Elementalist on Mar 31, 2018.
             Was the Champion of Fedhas.
             Mangled by the 27-headed Lernaean hydra (15 damage)
             ... on level 4 of the Swamp on Apr 2, 2018.
             The game lasted 02:22:18 (38557 turns).

mhoghedin the Spry (Spriggan Earth Elementalist)   Turns: 38557, Time: 02:22:19

Health: -11/86     AC: 14    Str:  4    XL:     16   Next: 11%
Magic:  37/46      EV: 33    Int: 22    God:    Fedhas [******]
Gold:   2377       SH:  0    Dex: 19    Spells: 5/29 levels left

rFire    + . .     SeeInvis +   a - +7 long sword of Naigel {slice, MP+9 Int+3}
rCold    + . .     Gourm    .   (shield restricted)
rNeg     + . .     Faith    +   e - +2 robe {rN+}
rPois    .         Spirit   .   u - +2 hat
rElec    .         Reflect  .   B - scarf {cloud immunity}
rCorr    .         Harm     .   (gloves unavailable)
MR       ++...                  (boots unavailable)
Stlth    ++........             Q - amulet of faith {Faith, !P}
HPRegen  0.24/turn              I - ring of Robustness {AC+8}
MPRegen  0.30/turn              U - ring "Zaceah" {rF+ rC+ MP+9}

@: about to teleport, slow
A: very small, unfitting armour, claws 1, see invisible, dopey 1, herbivore,
speed 3, mutation resistance 1, slow metabolism 2
a: Fungal Bloom, Evolution, Sunlight, Growth, Reproduction, Rain, Renounce
Religion


You were on level 4 of the Swamp.
You worshipped Fedhas.
Fedhas was exalted by your worship.
You were not hungry.

You visited 5 branches of the dungeon, and saw 28 of its levels.
You also visited: Labyrinth and Volcano.

You collected 3644 gold pieces.
You spent 1267 gold pieces at shops.

Inventory:

Hand Weapons
 a - the +7 long sword of Naigel (weapon) {slice, MP+9 Int+3}
   (You found it on level 4 of the Dungeon)

   It inflicts extra damage upon your enemies.
   It affects your intelligence (+3).
   It affects your magic capacity (+9).
Missiles
 x - 86 arrows
 A - 2 throwing nets {=f, !d}
 O - 198 stones (quivered)
Armour
 e - a +2 robe of positive energy (worn)
   (You took it off an orc sorcerer on level 2 of the Orcish Mines)
 u - a +2 hat (worn)
   (You found it on level 8 of the Dungeon)
 B - a scarf of cloud immunity (worn)
   (You found it on level 5 of the Lair of Beasts)
Magical Staves
 b - an uncursed staff of energy {@w1+MP, hungerless spells, !d!a}
   (You found it on level 2 of the Lair of Beasts)
Jewellery
 I - the ring of Robustness (left claw) {AC+8}
   (You found it in a labyrinth)

   [ring of protection]

   It affects your AC (+8).
 L - the ring "Aviufan" {rPois Dex+4}
   (You found it on level 3 of the Swamp)

   [ring of poison resistance]

   It affects your dexterity (+4).
   It protects you from poison.
 Q - an amulet of faith (around neck) {Faith, !P}
   (You found it on level 3 of the Lair of Beasts)
 T - an uncursed ring of flight {+Fly, !d}
   (You found it on level 5 of the Lair of Beasts)
 U - the ring "Zaceah" (right claw) {rF+ rC+ MP+9}
   (You found it in a labyrinth)

   [ring of magical power]

   It protects you from fire.
   It protects you from cold.
   It affects your magic capacity (+9).
 V - an uncursed ring of protection from fire {rF+, !d}
   (You found it on level 14 of the Dungeon)
Wands
 i - a wand of polymorph (24)
   (You found it on level 5 of the Dungeon)
 k - a wand of clouds (3)
   (You found it on level 13 of the Dungeon)
 y - a wand of random effects (46)
   (You found it on level 7 of the Dungeon)
 K - a wand of iceblast (31)
   (You found it on level 1 of the Lair of Beasts)
 R - a wand of flame (62)
   (You found it on level 4 of the Lair of Beasts)
 X - a wand of acid (11)
   (You found it on level 3 of the Swamp)
Scrolls
 g - a scroll of magic mapping {!r}
 h - 6 scrolls of amnesia
 m - 15 scrolls of remove curse
 n - a scroll of holy word {!r}
 o - 3 scrolls of teleportation
 p - 2 scrolls of blinking {!r}
 r - 5 scrolls of fog
 D - 3 scrolls of immolation {!r}
 E - 2 scrolls of enchant armour
 J - a scroll of identify
 N - 3 scrolls of silence
 P - 4 scrolls of enchant weapon
 W - a scroll of fear
Potions
 c - 2 potions of brilliance
 f - 13 potions of curing
 j - 3 potions of invisibility
 l - 4 potions of might
 q - 5 potions of flight
 s - a potion of lignification {!q}
 t - a potion of heal wounds
 w - 5 potions of agility
 G - a potion of cancellation
 H - 2 potions of magic
 M - 3 potions of ambrosia
 S - 3 potions of resistance
Miscellaneous
 v - a phial of floods (inert)
   (You found it on level 3 of the Lair of Beasts)
 z - a phantom mirror
 C - 3 sacks of spiders
 F - a lightning rod (4/4)
   (You found it in a labyrinth)
Comestibles
 d - 20 rations


   Skills:
 + Level 10.3 Fighting
 + Level 10.1 Long Blades
 + Level 16.7 Dodging
 - Level 6.2 Stealth
 - Level 7.4 Spellcasting
 - Level 12.0 Transmutations
 - Level 13.7 Earth Magic
 + Level 7.1 Invocations
 - Level 8.0 Evocations


You had 5 spell levels left.
You knew the following spells:

 Your Spells              Type           Power        Failure   Level  Hunger
a - Sandblast             Erth           ######       1%          1    None
b - Statue Form           Tmut/Erth      ######...    6%          6    ######.
c - Petrify               Tmut/Erth      ######..     1%          4    ###....
g - Apportation           Tloc           #.....       8%          1    None
s - Sticks to Snakes      Tmut           ######..     1%          2    None
w - Passwall              Tmut/Erth      ######....   1%          2    None
x - Stone Arrow           Conj/Erth      #####.       1%          3    None
z - Lee's Rapid Deconstr  Erth           ######....   1%          5    #####..


Dungeon Overview and Level Annotations

Branches:
Dungeon (15/15)            Temple (1/1) D:4            Lair (6/6) D:11
  Swamp (4/4) Lair:3        Snake (0/4) Lair:3        Slime (0/5) Lair:6
    Orc (2/2) D:12            Elf (0/3) Orc:2        Vaults (0/5) D:14
 Depths (0/5) D:15

Altars:
Ashenzari
Cheibriados
Dithmenos
Elyvilon
Fedhas
Gozag
Makhleb
Nemelex Xobeh
Okawaru
Ru
Sif Muna
Trog
Uskayaw
Vehumet
Wu Jian
Yredelemnul
Zin
The Shining One
Beogh
Jiyva

Shops:
Orc:1 (   Orc:2 *:*[(

Portals:
Trove: D:14 (give +3 storm dragon scales)

Annotations:
D:12 1 runed door
Swamp:4 exclusion: Mara, Lernaean hydra, Mara


Innate Abilities, Weirdness & Mutations

You are very small and have problems with some larger weapons.
You are too small for most types of armour.
You have supernaturally acute eyesight. (SInv)
You are a herbivore.
You cover ground extremely quickly.
You need to consume almost no food.
You have sharp fingernails.
You are dopey. (Int -2)
You are somewhat resistant to further mutation.


Message History

Your adder bites the seven-headed hydra.
You now have 39/46 mp.
Casting: Sticks to Snakes (safe; 1% risk of failure)
You create a snake!
You now have 89 arrows.
Your adder bites the seven-headed hydra.
Your adder barely misses the seven-headed hydra.
Your adder bites the seven-headed hydra.
The seven-headed hydra bites your adder!
The seven-headed hydra closely misses your adder.
The seven-headed hydra bites your adder.
Your adder dies!
The seven-headed hydra bites your adder!
Your adder dies!
The seven-headed hydra barely misses your adder.
The seven-headed hydra bites your adder!
Your adder dies!
The seven-headed hydra misses your adder.
You now have 37/46 mp.
The 27-headed Lernaean hydra bites your adder!
Your adder dies!
Your adder bites the seven-headed hydra.
The seven-headed hydra is poisoned.
Your adder poisons the seven-headed hydra!
Casting: Sticks to Snakes (safe; 1% risk of failure)
You create 3 snakes!
You now have 86 arrows.
Your adder bites the seven-headed hydra.
The seven-headed hydra bites your adder!
Your adder dies!
The seven-headed hydra bites your adder!
Your adder dies!
The seven-headed hydra closely misses your adder.
The seven-headed hydra bites your adder!
Your adder dies!
You now have 36/46 mp.
Okay, then.
Unknown command.
You enter the shallow water.
Moving in this stuff is going to be slow.
Your adder bites the seven-headed hydra.
The seven-headed hydra bites your adder!
Your adder dies!
The 27-headed Lernaean hydra bites you!
The 27-headed Lernaean hydra completely misses you.
The 27-headed Lernaean hydra bites you.
The 27-headed Lernaean hydra closely misses you.
The 27-headed Lernaean hydra completely misses you.
The 27-headed Lernaean hydra bites you.
The 27-headed Lernaean hydra bites you but does no damage. x3
The 27-headed Lernaean hydra misses you.
The 27-headed Lernaean hydra bites you!
The 27-headed Lernaean hydra completely misses you.
The 27-headed Lernaean hydra closely misses you.
The 27-headed Lernaean hydra barely misses you.
The 27-headed Lernaean hydra completely misses you.
The 27-headed Lernaean hydra bites you.
The 27-headed Lernaean hydra misses you.
The 27-headed Lernaean hydra completely misses you.
The 27-headed Lernaean hydra bites you. The 27-headed Lernaean hydra bites you!
The 27-headed Lernaean hydra completely misses you.
The 27-headed Lernaean hydra bites you but does no damage.
The 27-headed Lernaean hydra misses you.
The 27-headed Lernaean hydra bites you.
The 27-headed Lernaean hydra completely misses you. x2
The 27-headed Lernaean hydra barely misses you.
The seven-headed hydra roars!
You take 45 damage, and have 41/86 hp.
MASSIVE DAMAGE!!
Unknown command.
As you read the scroll of teleportation, it crumbles to dust.
You feel strangely unstable.
Your adder bites the seven-headed hydra.
The seven-headed hydra completely misses your adder.
The seven-headed hydra barely misses your adder. x2
The seven-headed hydra completely misses your adder.
The seven-headed hydra bites your adder!
Your adder dies!
The seven-headed hydra bites your adder!
Your adder dies!
The 27-headed Lernaean hydra completely misses you.
You riposte.
The swamp dragon roars deafeningly!
The seven-headed hydra roars!
You hit the 27-headed Lernaean hydra.
The 27-headed Lernaean hydra bites you but does no damage. x2
The 27-headed Lernaean hydra bites you. x2
The 27-headed Lernaean hydra completely misses you. x2
The 27-headed Lernaean hydra bites you.
The 27-headed Lernaean hydra completely misses you.
The 27-headed Lernaean hydra misses you. x2
The 27-headed Lernaean hydra completely misses you. x2
The 27-headed Lernaean hydra bites you!
* * * LOW HITPOINT WARNING * * *
The 27-headed Lernaean hydra bites you but does no damage.
The 27-headed Lernaean hydra misses you.
The 27-headed Lernaean hydra bites you!
* * * LOW HITPOINT WARNING * * *
The 27-headed Lernaean hydra completely misses you.
The 27-headed Lernaean hydra bites you but does no damage.
The 27-headed Lernaean hydra bites you!
You die...
Fedhas appreciates your contribution to the ecosystem.

≈≈≈♣..≈≈♣♣≈≈≈≈.≈.≈≈≈≈.♣
♣≈.≈≈.≈.♣♣)≈...≈≈≈♣♣
♣♣≈≈≈≈.≈♣♣≈≈♣♣♣≈≈.♣
♣§≈≈...♣♣♣♣♣ ♣♣♣♣♣ ♣♣♣♣.≈≈.♣♣
♣♣§.≈≈≈≈♣ ♣..≈≈≈≈.♣
♣♣♣♣≈..≈≈≈.≈♣♣♣♣
♣≈♣♣♣....≈..≈≈.♣@..♣♣
..≈♣≈≈≈≈≈.≈...≈≈D...♣♣♣♣
....≈≈≈≈≈≈♣♣≈.≈≈.≈≈..≈≈♣
...§≈≈≈≈≈≈♣≈.≈≈.≈≈§D.≈♣♣
..≈≈≈≈≈≈≈≈≈≈.≈.≈≈..≈≈≈≈♣♣♣♣♣♣
.≈≈≈..≈≈≈≈≈≈...≈≈≈≈≈≈≈≈≈≈≈.≈♣
...≈...≈.≈.≈≈§≈≈≈≈D≈≈≈≈≈≈...♣
≈.≈.....≈..≈≈.≈≈≈≈≈D≈≈≈≈≈.≈♣♣
≈....§≈.≈♣♣♣♣≈.≈≈≈.......♣≈≈


You could see the 27-headed Lernaean hydra, a seven-headed hydra and 2 swamp
dragons.

Vanquished Creatures
  Frances (D:13)
  4 orc warlords
  A minotaur (Lab)
  An ettin (Orc:1)
  Josephine (D:11)
  13 hydras
  A ghost crab (Swamp:2)
  3 centaur warriors
  5 alligators
  2 ogre magi
  13 two-headed ogres
  3 orc high priests
  2 death knights (D:14)
  2 death yaks (Lair:6)
  Sonja (D:13)
  A skeletal warrior (D:14)
  An unseen horror (shapeshifter) (D:14)
  2 unseen horrors
  3 swamp dragons
  A spriggan druid (Swamp:4)
  2 wizards
  5 orc knights
  A lindwurm (Lair:6)
  2 phantasmal warriors (D:14)
  A wolf spider (D:14)
  A cyclops (shapeshifter) (D:15)
  4 orc sorcerers
  2 deep elf magi (D:15)
  11 ugly things
  2 salamanders (Volcano)
  A manticore (D:15)
  2 elephants (Lair:6)
  5 black mambas
  5 gargoyles
  10 spiny frogs
  A freezing wraith (D:14)
  A kobold demonologist (D:14)
  6 komodo dragons
  5 rime drakes
  3 trolls
  A tyrant leech (Swamp:4)
  2 minotaur skeletons (Lab)
  2 bog bodies
  2 hornets
  12 blink frogs
  Prince Ribbit (D:8)
  11 slime creatures
  5 hippogriffs
  13 dream sheep
  2 shadows (Lab)
  A spriggan (Swamp:4)
  6 wraiths
  2 vampires
  A wyvern (D:12)
  5 fire bats (Volcano)
  25 yaks
  2 basilisks
  5 vampire mosquitoes (Swamp:4)
  3 hungry ghosts
  A soldier ant (D:15)
  15 insubstantial wisps
  2 wargs (Orc:2)
  A naga (Lair:3)
  An acid dragon (D:15)
  12 swamp worms
  4 porcupines
  8 water moccasins
  A sky beast (D:15)
  3 black bears
  A phantom (D:12)
  7 swamp drakes
  6 ice beasts
  36 orc warriors
  12 ogres
  7 wolves
  A necrophage (D:9)
  12 centaurs
  8 crocodiles
  7 big kobolds
  Blork the orc (D:4)
  17 bullfrogs
  A gnoll sergeant (D:12)
  A water moccasin zombie (D:8)
  A wyvern zombie (D:10)
  4 scorpions
  5 killer bees (D:8)
  12 wights
  A troll skeleton (Lab)
  3 electric eels
  9 howler monkeys
  6 lava snakes (Volcano)
  2 centaur zombies
  4 crimson imps
  A gnoll shaman (Orc:1)
  8 hounds
  34 orc priests
  5 jellies
  4 bullfrog skeletons
  24 orc wizards
  2 centaur skeletons
  4 iguanas
  5 hell rats (Lair:5)
  11 worker ants
  A hound zombie (D:9)
  2 hound skeletons
  A worker ant zombie (D:6)
  11 gnolls
  9 adders
  2 shadow imps
  An ooze (D:5)
  3 adder skeletons
  An adder zombie (D:5)
  2 worms (D:2)
  2 dart slugs (D:2)
  4 leopard geckos
  106 orcs
  6 bats
  3 giant cockroaches
  4 goblins
  5 hobgoblins
  6 jackals
  6 quokkas
  2 ball pythons
  3 frilled lizards
  5 kobolds
  2 leopard gecko skeletons
  2 leopard gecko zombies (D:5)
  A quokka skeleton (D:5)
  6 rats
  A ballistomycete spore (Swamp:4)
739 creatures vanquished.

Vanquished Creatures (collateral kills)
  The ghost of tsouns the Eclecticist, a journeyman DECj of Vehumet (Lair:6)
  Nessos (D:13)
  5 hydras
  4 alligators
  A death yak (Lair:6)
  A catoblepas (Lair:6)
  An orc high priest (Orc:2)
  A swamp dragon (Swamp:4)
  A lindwurm (Lair:6)
  4 orc sorcerers
  2 slime creatures (Swamp:4)
  6 elephants (Lair:6)
  A gargoyle (D:12)
  3 spiny frogs
  A centaur skeleton (D:12)
  3 komodo dragons
  2 polar bears
  A hornet (Swamp:4)
  7 blink frogs
  A hippogriff (Lair:4)
  A bog body (Swamp:3)
  3 dream sheep
  2 spriggans
  2 wraiths
  3 yaks
  A warg (Orc:2)
  2 swamp worms
  A water moccasin (Lair:1)
  7 orc warriors
  2 black bears
  2 swamp drakes (Swamp:4)
  An ice beast (D:7)
  2 wolves (Lair:2)
  A centaur (D:14)
  3 crocodiles
  A big kobold (D:9)
  A bullfrog (Lair:4)
  6 orc priests
  6 orc wizards (Orc:2)
  An iguana (D:7)
  A worker ant (D:7)
  A hell rat (Lair:5)
  A leopard gecko (D:9)
  14 orcs
112 creatures vanquished.

Vanquished Creatures (others)
  A thorn hunter (Swamp:4)
  A hydra (Swamp:4)
  A shambling mangrove (Swamp:4)
  A troll (D:15)
  3 hornets (Swamp:4)
  3 vampire mosquitoes (Swamp:4)
  A swamp worm (Swamp:2)
  An insubstantial wisp (Swamp:2)
  17 wandering mushrooms
  A bullfrog (D:15)
  A ballistomycete (Swamp:4)
  3 ballistomycete spores (Swamp:4)
  6 fungi
  A plant (Lair:4)
  68 toadstools
109 creatures vanquished.

Grand Total: 960 creatures vanquished

Notes
Turn   | Place    | Note
-------+----------+-------------------------------------------
     0 | D:1      | mhoghedin the Spriggan Earth Elementalist began the quest for the Orb.
     0 | D:1      | Reached XP level 1. HP: 9/9 MP: 5/5
   373 | D:1      | Reached skill level 3 in Spellcasting
   453 | D:1      | Reached skill level 3 in Earth Magic
   512 | D:1      | Reached XP level 2. HP: 13/13 MP: 5/7
  1259 | D:2      | Reached XP level 3. HP: 16/16 MP: 2/9
  1302 | D:2      | Reached skill level 4 in Spellcasting
  1452 | D:2      | Learned a level 2 spell: Passwall
  1603 | D:2      | Learned a level 3 spell: Stone Arrow
  1638 | D:2      | Found a blossoming altar of Fedhas.
  1663 | D:2      | Reached XP level 4. HP: 20/21 MP: 6/11
  1711 | D:2      | Became a worshipper of Fedhas Madash
  1888 | D:2      | HP: 5/21 [gnoll/halberd (16)]
  2129 | D:2      | Learned a level 4 spell: Petrify
  2294 | D:3      | Reached skill level 2 in Transmutations
  2497 | D:3      | Reached XP level 5. HP: 22/24 MP: 13/13
  2630 | D:3      | Found a glowing silver altar of Zin.
  2770 | D:3      | Found an opulent altar of Gozag.
  2950 | D:4      | Reached skill level 5 in Spellcasting
  3018 | D:4      | Reached skill level 3 in Transmutations
  3214 | D:4      | Reached skill level 4 in Transmutations
  3214 | D:4      | Reached XP level 6. HP: 28/28 MP: 8/15
  3295 | D:4      | Found a staircase to the Ecumenical Temple.
  3296 | D:4      | Found an iron altar of Okawaru.
  3484 | D:4      | Reached skill level 6 in Spellcasting
  3495 | Temple   | Entered the Ecumenical Temple
  3628 | D:4      | Reached skill level 4 in Earth Magic
  3847 | D:4      | Reached * piety under Fedhas
  3983 | D:4      | Got a warped long sword
  3984 | D:4      | Identified the +7 long sword of Naigel {slice, MP+9 Int+3} (You found it on level 4 of the Dungeon)
  4069 | D:4      | Noticed Blork the orc
  4080 | D:4      | Killed Blork the orc
  4084 | D:4      | Found a deep blue altar of Sif Muna.
  4377 | D:5      | Entered Level 5 of the Dungeon
  4453 | D:5      | Reached skill level 5 in Earth Magic
  4453 | D:5      | Reached XP level 7. HP: 22/32 MP: 14/17
  4625 | D:5      | Reached skill level 6 in Earth Magic
  4922 | D:5      | Reached skill level 1 in Long Blades
  5252 | D:5      | Found a sparkling altar of Nemelex Xobeh.
  5289 | D:5      | Reached skill level 1 in Fighting
  5289 | D:5      | Reached skill level 4 in Dodging
  5289 | D:5      | Reached XP level 8. HP: 21/37 MP: 10/18
  5533 | D:6      | Noticed a hippogriff
  5538 | D:5      | Reached skill level 2 in Long Blades
  5538 | D:5      | Reached skill level 5 in Dodging
  5545 | D:5      | Killed a hippogriff
  5545 | D:5      | Reached skill level 2 in Fighting
  5751 | D:6      | Reached skill level 6 in Dodging
  5813 | D:6      | Found a snail-covered altar of Cheibriados.
  5923 | D:6      | Reached skill level 3 in Long Blades
  6055 | D:6      | Reached skill level 3 in Fighting
  6106 | D:6      | Found a glowing golden altar of the Shining One.
  6515 | D:7      | Reached skill level 7 in Dodging
  6535 | D:7      | Reached XP level 9. HP: 28/44 MP: 19/19
  6903 | D:7      | Found a bloodstained altar of Trog.
  7161 | D:7      | Gained mutation: You are weak. (Str -2) [potion of mutation]
  7161 | D:7      | Gained mutation: You are covered in fur. (AC +1) [potion of mutation]
  7162 | D:7      | Lost mutation: You are weak. (Str -2) [potion of mutation]
  7162 | D:7      | Lost mutation: You are covered in fur. (AC +1) [potion of mutation]
  7162 | D:7      | Gained mutation: Your body sometimes deteriorates upon taking damage. [potion of mutation]
  7162 | D:7      | Gained mutation: You have sharp toenails. [potion of mutation]
  7163 | D:7      | Lost mutation: Your body sometimes deteriorates upon taking damage. [potion of mutation]
  7163 | D:7      | Lost mutation: You have sharp toenails. [potion of mutation]
  7163 | D:7      | Gained mutation: You are dopey. (Int -2) [potion of mutation]
  7163 | D:7      | Gained mutation: You are weak. (Str -2) [potion of mutation]
  7163 | D:7      | Gained mutation: You have a pair of small horns on your head. [potion of mutation]
  7163 | D:7      | Gained mutation: You are somewhat resistant to further mutation. [potion of mutation]
  7164 | D:7      | Lost mutation: You are weak. (Str -2) [potion of mutation]
  7164 | D:7      | Lost mutation: You have a pair of small horns on your head. [potion of mutation]
  7164 | D:7      | Gained mutation: You have sharp fingernails. [potion of mutation]
  7292 | D:8      | Found a shadowy altar of Dithmenos.
  7295 | D:8      | Found a shattered altar of Ashenzari.
  7719 | D:8      | Found a white marble altar of Elyvilon.
  7726 | D:8      | Reached skill level 4 in Long Blades
  7808 | D:8      | Reached skill level 4 in Fighting
  7808 | D:8      | Reached skill level 8 in Dodging
  7839 | D:8      | Noticed Prince Ribbit
  7854 | D:8      | Killed Prince Ribbit
  8057 | D:8      | Noticed a two-headed ogre
  8297 | D:8      | Reached skill level 9 in Dodging
  8379 | D:8      | Reached skill level 5 in Long Blades
  8394 | D:8      | Reached skill level 5 in Fighting
  8568 | D:8      | Reached ** piety under Fedhas
  8739 | D:8      | Noticed a two-headed ogre
  8764 | D:8      | Killed a two-headed ogre
  8764 | D:8      | Reached skill level 10 in Dodging
  8764 | D:8      | Reached XP level 10. HP: 51/51 MP: 20/20
  8955 | D:8      | Killed a two-headed ogre
  8955 | D:8      | Reached skill level 6 in Long Blades
  9313 | D:9      | Reached skill level 6 in Fighting
  9382 | D:9      | Noticed a two-headed ogre
  9582 | D:8      | Learned a level 5 spell: Lee's Rapid Deconstruction
  9642 | D:9      | Reached skill level 11 in Dodging
  9676 | D:9      | Killed a two-headed ogre
  9858 | D:9      | Found an ornate altar of the Wu Jian Council.
 10331 | D:9      | Noticed a three-headed hydra
 10339 | D:9      | Reached skill level 7 in Earth Magic
 10340 | D:9      | Killed a three-headed hydra
 10396 | D:9      | Reached XP level 11. HP: 47/58 MP: 20/21
 10398 | D:9      | Reached skill level 8 in Earth Magic
 10551 | D:9      | Learned a level 2 spell: Sticks to Snakes
 10604 | D:9      | Found a burning altar of Makhleb.
 11592 | D:10     | Entered Level 10 of the Dungeon
 11821 | D:10     | Reached skill level 5 in Transmutations
 12650 | D:11     | Noticed a two-headed ogre
 12700 | D:11     | Killed a two-headed ogre
 12700 | D:11     | Reached skill level 6 in Transmutations
 12914 | D:11     | Reached skill level 7 in Transmutations
 13024 | D:11     | Noticed Josephine
 13343 | D:11     | Killed Josephine
 13343 | D:11     | Reached skill level 8 in Transmutations
 13637 | D:11     | Found a staircase to the Lair.
 13958 | Lair:1   | Entered Level 1 of the Lair of Beasts
 14032 | Lair:1   | Reached skill level 9 in Earth Magic
 14316 | Lair:1   | Reached skill level 9 in Transmutations
 14419 | Lair:1   | Reached *** piety under Fedhas
 14768 | Lair:2   | Reached skill level 7 in Spellcasting
 15257 | Lair:2   | Noticed a five-headed hydra
 15284 | Lair:2   | Killed a five-headed hydra
 15600 | Lair:2   | You fall through a shaft!
 15606 | Lair:3   | Found a glowing silver altar of Zin.
 15624 | Lair:2   | Reached skill level 4 in Stealth
 15748 | Lair:3   | Upgraded the game from 0.22-a0-305-gd21a89c to 0.22-a0-307-g2b15929
 15776 | Lair:3   | Noticed an eight-headed hydra
 15790 | Lair:3   | Killed an eight-headed hydra
 15790 | Lair:3   | Reached skill level 5 in Stealth
 15790 | Lair:3   | Reached XP level 12. HP: 51/62 MP: 24/24
 15916 | Lair:3   | Found a staircase to the Snake Pit.
 16020 | Lair:3   | Noticed a six-headed hydra
 16030 | Lair:3   | Killed a seven-headed hydra
 16030 | Lair:3   | Reached skill level 6 in Stealth
 16036 | Lair:3   | Reached skill level 10 in Earth Magic
 16038 | Lair:3   | HP: 12/62 [dream sheep (26)]
 16443 | Lair:3   | Found a staircase to the Swamp.
 16455 | Lair:3   | Reached skill level 1 in Invocations
 16956 | Lair:4   | Reached skill level 2 in Invocations
 16966 | Lair:4   | Reached skill level 3 in Invocations
 17259 | Lair:4   | Noticed an eight-headed hydra
 17275 | Lair:4   | Killed an eight-headed hydra
 17275 | Lair:4   | Reached skill level 4 in Invocations
 17474 | Lair:4   | Reached skill level 5 in Invocations
 18550 | Lair:5   | Reached skill level 11 in Earth Magic
 18719 | Lair:5   | Noticed a seven-headed hydra
 18741 | Lair:5   | Killed a seven-headed hydra
 18785 | Lair:5   | Noticed an eight-headed hydra
 18795 | Lair:5   | Killed an eight-headed hydra
 18796 | Lair:5   | Reached **** piety under Fedhas
 19032 | Lair:5   | Reached skill level 12 in Dodging
 19316 | Lair:5   | Reached skill level 7 in Long Blades
 19678 | Lair:6   | Entered Level 6 of the Lair of Beasts
 19784 | Lair:6   | Found a staircase to the Slime Pits.
 19987 | Lair:5   | Reached skill level 7 in Fighting
 20031 | Lair:6   | Found a viscous altar of Jiyva.
 20041 | Lair:6   | Noticed tsouns's ghost (journeyman DECj)
 20073 | Lair:6   | Reached XP level 13. HP: 47/67 MP: 25/25
 20151 | Lair:6   | Killed tsouns's ghost
 20174 | Lair:6   | Found a dark tunnel.
 20296 | Volcano  | Entered a volcano
 20528 | Volcano  | Reached skill level 6 in Invocations
 20797 | Volcano  | Found a burning altar of Makhleb.
 20866 | Lair:6   | HP: 7/67 [black mamba (15)]
 21191 | Lair:6   | Reached skill level 13 in Dodging
 21218 | Lair:6   | Identified 2 scrolls of acquirement
 21936 | Lair:6   | Reached skill level 8 in Long Blades
 22006 | Lair:6   | Reached skill level 8 in Fighting
 22660 | Lair:6   | HP: 15/68 [lindwurm/blast of flame (10)]
 24030 | D:12     | Found a radiant altar of Vehumet.
 24349 | D:12     | Found a labyrinth entrance.
 24369 | Lab      | Entered a labyrinth
 24619 | Lab      | Reached skill level 14 in Dodging
 24764 | Lab      | Reached skill level 1 in Evocations
 24853 | Lab      | Noticed a minotaur
 24859 | Lab      | Killed a minotaur
 24859 | Lab      | Reached skill level 3 in Evocations
 24864 | Lab      | Found the ring of Robustness {AC+8}
 24864 | Lab      | Got a twisted war axe
 24864 | Lab      | Got a scintillating silver ring
 24897 | D:12     | Identified the ring "Zaceah" {rF+ rC+ MP+9} (You found it in a labyrinth)
 24974 | D:12     | Reached skill level 4 in Evocations
 25206 | D:12     | Found a glowing silver altar of Zin.
 25206 | D:12     | Found a runed door.
 25206 | D:12     | Noticed an angel
 25518 | D:12     | Reached XP level 14. HP: 56/74 MP: 6/26
 25525 | D:12     | Reached skill level 5 in Evocations
 25707 | D:12     | Found a roughly hewn altar of Beogh.
 25707 | D:12     | Found a staircase to the Orcish Mines.
 25874 | D:12     | Identified the +6 war axe "Faniemel" {venom, Int+7 Dex-5 Stlth+} (You found it in a labyrinth)
 25893 | D:12     | Learned a level 9 spell: Shatter
 26004 | D:13     | Noticed Frances
 26266 | D:13     | Noticed Nessos
 26314 | D:13     | Killed Nessos
 26774 | D:13     | Reached skill level 12 in Earth Magic
 26786 | D:13     | Noticed Sonja
 26793 | D:13     | Killed Sonja
 27130 | D:13     | Learned a level 6 spell: Statue Form
 27306 | D:14     | Reached skill level 10 in Transmutations
 27424 | D:14     | Found a hide-covered altar of Uskayaw.
 27932 | D:14     | Reached skill level 11 in Transmutations
 28128 | D:14     | Reached skill level 12 in Transmutations
 28132 | D:14     | Reached ***** piety under Fedhas
 28384 | D:14     | Found a gate to the Vaults.
 28641 | D:14     | Reached skill level 6 in Evocations
 28920 | D:14     | Found a portal to a secret trove of treasure.
 28971 | D:14     | Learned a level 1 spell: Apportation
 29141 | D:15     | Entered Level 15 of the Dungeon
 29409 | D:15     | Reached skill level 7 in Evocations
 29664 | D:15     | Found a staircase to the Depths.
 29665 | D:15     | Noticed a fire giant
 29695 | D:15     | Learned a level 1 spell: Summon Butterflies
 29723 | D:15     | Reached skill level 9 in Fighting
 29729 | D:15     | Reached skill level 15 in Dodging
 30448 | D:15     | Reached skill level 9 in Long Blades
 30820 | D:13     | Killed Frances
 30914 | Orc:1    | Entered Level 1 of the Orcish Mines
 30914 | Orc:1    | Noticed an orc warlord
 30953 | D:12     | Killed an orc warlord
 30953 | D:12     | Reached XP level 15. HP: 66/79 MP: 5/27
 31714 | Orc:1    | Noticed an orc warlord
 31747 | Orc:1    | Killed an orc warlord
 31873 | Orc:1    | Found Kecol's Antique Weapon Shoppe.
 32082 | Orc:1    | Found a roughly hewn altar of Beogh.
 32135 | Orc:1    | Bought a bloodstained long sword for 289 gold pieces
 32135 | Orc:1    | Identified the +4 long sword of the Pillar {slice, rPois Stlth+} (You bought it in a shop on level 1 of the Orcish Mines)
 32164 | Orc:2    | Entered Level 2 of the Orcish Mines
 32539 | Orc:2    | Found a staircase to the Elven Halls.
 32916 | Orc:2    | Found Umaxkupn's General Store.
 32939 | Orc:2    | Bought a ration for 75 gold pieces
 32939 | Orc:2    | Bought 21 arrows for 63 gold pieces
 33059 | Orc:2    | Noticed an orc warlord
 33083 | Orc:2    | Killed an orc warlord
 33132 | Orc:2    | HP: 19/104 [smoke demon/divine providence[an orc sorcerer] (11)]
 33164 | Orc:1    | Reached ****** piety under Fedhas
 33486 | Orc:2    | Reached skill level 13 in Earth Magic
 33523 | Orc:2    | Noticed an orc warlord
 33553 | Orc:2    | Killed an orc warlord
 33584 | Orc:2    | HP: 20/80 [orc wizard/magic dart (9)]
 34131 | Orc:2    | Paralysed by an orc sorcerer for 5 turns
 34159 | Orc:2    | Found Vaozyck's Antique Armour Emporium.
 34159 | Orc:2    | Found Awegiss's Antique Weapon Shoppe.
 34163 | Orc:2    | Found Ocivet's General Store.
 34163 | Orc:2    | Found Wiparuat's Book Emporium.
 34202 | Orc:2    | Bought a scroll of acquirement for 728 gold pieces
 34210 | Orc:2    | Bought a potion of magic for 112 gold pieces
 34378 | Orc:2    | Found a roughly hewn altar of Beogh.
 34796 | Swamp:1  | Entered Level 1 of the Swamp
 34814 | Swamp:1  | Reached skill level 16 in Dodging
 34830 | Swamp:1  | HP: 22/104 [alligator (15)]
 35247 | Swamp:1  | HP: 17/104 [alligator (14)]
 35248 | Swamp:1  | HP: 8/104 [alligator (9)]
 36233 | Swamp:2  | Reached skill level 10 in Fighting
 36271 | Swamp:2  | Noticed a thorn hunter
 36777 | Swamp:3  | Got a faintly glowing wooden ring
 36779 | Swamp:3  | Identified the ring "Aviufan" {rPois Dex+4} (You found it on level 3 of the Swamp)
 37386 | Swamp:4  | Entered Level 4 of the Swamp
 37430 | Swamp:4  | Noticed Mara
 37555 | Swamp:4  | Noticed the 27-headed Lernaean hydra
 37575 | Swamp:3  | Reached skill level 10 in Long Blades
 37575 | Swamp:3  | Reached XP level 16. HP: 54/85 MP: 21/28
 37775 | Swamp:4  | Noticed a thorn hunter
 37789 | Swamp:4  | Reached skill level 8 in Evocations
 37810 | Swamp:4  | Reached skill level 7 in Invocations
 37865 | Swamp:4  | Killed a thorn hunter
 38073 | Swamp:4  | HP: 18/85 [seven-headed hydra (9)]
 38557 | Swamp:4  | HP: 15/86 [the 27-headed Lernaean hydra (14)]
 38557 | Swamp:4  | HP: 4/86 [the 27-headed Lernaean hydra (11)]
 38557 | Swamp:4  | Mangled by the 27-headed Lernaean hydra

Vault maps used:
D:1:      erik_arrival_blinker_ship, roderic_roman_lattice
D:2:      fedhas_altar_2
D:3:      lemuel_crystal_altar, first_ration, grunt_gozag_breadcrumbs
D:4:      lemuel_crystal_altar, tgw_sif, minmay_temple_entry_oklob,
          mrwooster_statue_mirror, nrook_mini_vaults, nicolae_underground_beach
D:5:      nemelex_dance_club_becter
D:6:      basic_altar, minmay_tree_intersection, cheibriados_altar_1
D:7:      kennysheep_little_box
D:8:      minmay_opposing_rooms, nicolae_dithmenos_shadow_blocks,
          cheibrodos_ashenzari_chains, old_standard_altar, uniq_prince_ribbit1
D:9:      lemuel_doored_altar, marbit_many_paths, hangedman_ranch
D:11:     lair_entry_dummy, uniq_josephine
D:12:     david_orc_5, lab_entry_generic, basic_altar, lemuel_angel_altar
D:13:     kennysheep_cross_room, uniq_frances, uniq_sonja, uniq_nessos
D:14:     hangedman_vaults_entry_quadrant_bands, lemuel_crystal_altar,
          enter_trove_6
D:15:     grunt_enter_depths_giant_problem
Temple:   nicolae_temple_hex_pool
Lair:2:   grunt_forest_stairs_clearing, grunt_megastairs_4
Lair:3:   swamp_mist_pool, guppyfry_snake_entry_garden, basic_altar
Lair:4:   grunt_megastairs_2
Lair:5:   minivault_26, serial_bayou_shore_b
Lair:6:   hangedman_lair_in_review, slime_altar_1,
          nicolae_volcano_entry_lava_flow, infiniplex_staircase_pool
Swamp:1:  serial_swamp_ruin, evilmike_swamp_ruin_wall,
          evilmike_swamp_ruin_rubble_2, evilmike_swamp_ruin_house_5
Swamp:2:  evilmike_swamp_ruin_rubble_1
Swamp:3:  hangedman_swamp_ruin_wall
Swamp:4:  swamp_old_school, uniq_mara
Orc:1:    serial_shops, nicolae_shop_crystal, bh_open_orc_temple
Orc:2:    st_orc_congregation, serial_shops, shop, nicolae_orc_lost_temple
Lab:      nicolae_lab_grate, nicolae_lab_stuck, nicolae_lab_dead_end, lab_block,
          nicolae_lab_lava, labyrinth_skeletal_remains, nicolae_lab_arrow,
          nicolae_lab_garden
Volcano:  volcano_grotto

Skill      XL: |  1  2  3  4  5  6  7  8  9 10 11 12 13 14 15 16 |
---------------+-------------------------------------------------+-----
Spellcasting   | 3 4 5 6 7 |  7.4
Earth Magic    | 3 5 6 7 9 11 12 13 | 13.7
Transmutations | 2 4 9 12 | 12.0
Long Blades    | 1 3 5 6 7 8 9 10 | 10.1
Fighting       | 1 3 5 6 7 8 9 10 | 10.3
Dodging        | 4 7 10 11 12 14 15 16 | 16.7
Stealth        | 5 6 |  6.2
Invocations    | 5 6 7 |  7.1
Evocations     | 4 7 8 |  8.0

Action                   |  1- 3 |  4- 6 |  7- 9 | 10-12 | 13-15 | 16-18 || total
-------------------------+-------+-------+-------+-------+-------+-------++-------
Melee: Spear             |    15 |       |       |       |       |       ||    15
       Whip              |    10 |    13 |       |       |       |       ||    23
       Dagger            |       |    41 |       |       |       |       ||    41
       Long sword        |       |    12 |   175 |   372 |   903 |    33 ||  1495
 Cast: Sandblast         |    44 |    74 |    65 |   108 |   285 |     9 ||   585
       Petrify           |       |     4 |     6 |     9 |    10 |       ||    29
       Lee's Rapid Decon |       |       |       |    32 |    87 |       ||   119
       Sticks to Snakes  |       |       |       |    62 |   201 |    33 ||   296
       Stone Arrow       |       |       |       |     3 |    23 |       ||    26
       Statue Form       |       |       |       |       |    54 |     1 ||    55
Invok: Fungal Bloom      |       |     1 |     8 |     5 |     6 |       ||    20
       Evolution         |       |       |     3 |    13 |     8 |       ||    24
       Reproduction      |       |       |       |       |       |     1 ||     1
 Abil: End Transformatio |       |       |       |       |     2 |       ||     2
Evoke: Sack of spiders   |       |       |       |     1 |       |       ||     1
       Wand              |       |       |       |       |    21 |       ||    21
       Staff of energy   |       |       |       |       |     4 |       ||     4
       Phial of floods   |       |       |       |       |     1 |     1 ||     2
  Use: Scroll            |     1 |     7 |     5 |     7 |    29 |     3 ||    52
       Potion            |       |       |     5 |     1 |    10 |       ||    16
 Stab: Sleeping          |     2 |     6 |    12 |    13 |     1 |       ||    34
       Distracted        |       |     1 |     1 |     3 |    16 |     1 ||    22
       Petrified         |       |       |    14 |    12 |    16 |       ||    42
       Confused          |       |       |     1 |     4 |     2 |       ||     7
       Petrifying        |       |       |       |       |     1 |       ||     1
  Eat: Ration            |       |     1 |     2 |     8 |    14 |     1 ||    26
Armor: Robe              |     8 |    23 |    38 |    51 |    37 |    16 ||   173
       Skin              |       |       |       |       |   356 |     3 ||   359
Dodge: Dodged            |    29 |    63 |   229 |   555 |  2393 |   126 ||  3395
       Rpst.: Long sword |       |     8 |    68 |   147 |   485 |    20 ||   728

Table legend:
 A = Spawn XP
 B = Non-spawn XP
 C = Spawn XP percentage of total XP
 D = Spawn monster count
 E = Non-spawn monster count
 F = Spawn count percentage of total count
 G = Total turns spent on level
                    A         B        C        D         E        F      G
               +---------+---------+-------+---------+---------+-------+---------
         Total |       0 |  160641 |   0.0 |       0 |     853 |   0.0 | 38557
               +---------+---------+-------+---------+---------+-------+---------
           D:1 |       0 |      16 |   0.0 |       0 |      10 |   0.0 |   919
           D:2 |       0 |     112 |   0.0 |       0 |      23 |   0.0 |  1304
           D:3 |       0 |      78 |   0.0 |       0 |      23 |   0.0 |   799
           D:4 |       0 |     500 |   0.0 |       0 |      18 |   0.0 |  1395
           D:5 |       0 |    1171 |   0.0 |       0 |      23 |   0.0 |  1523
           D:6 |       0 |     598 |   0.0 |       0 |      19 |   0.0 |   770
           D:7 |       0 |     611 |   0.0 |       0 |      13 |   0.0 |   957
           D:8 |       0 |    4088 |   0.0 |       0 |      44 |   0.0 |  2323
           D:9 |       0 |    4664 |   0.0 |       0 |      36 |   0.0 |  1572
          D:10 |       0 |     535 |   0.0 |       0 |      11 |   0.0 |   773
          D:11 |       0 |    3240 |   0.0 |       0 |      22 |   0.0 |  1733
          D:12 |       0 |    8133 |   0.0 |       0 |      67 |   0.0 |  1876
          D:13 |       0 |    6012 |   0.0 |       0 |      14 |   0.0 |  1422
          D:14 |       0 |   17011 |   0.0 |       0 |      48 |   0.0 |  1912
          D:15 |       0 |   12930 |   0.0 |       0 |      40 |   0.0 |  1622
        Lair:1 |       0 |    2613 |   0.0 |       0 |      14 |   0.0 |   791
        Lair:2 |       0 |    2776 |   0.0 |       0 |      16 |   0.0 |  1054
        Lair:3 |       0 |    4712 |   0.0 |       0 |      18 |   0.0 |  1224
        Lair:4 |       0 |    3571 |   0.0 |       0 |      15 |   0.0 |  1217
        Lair:5 |       0 |    7944 |   0.0 |       0 |      38 |   0.0 |  1909
        Lair:6 |       0 |   17245 |   0.0 |       0 |      51 |   0.0 |  3395
       Swamp:1 |       0 |    6055 |   0.0 |       0 |      13 |   0.0 |   880
       Swamp:2 |       0 |    8375 |   0.0 |       0 |      25 |   0.0 |   971
       Swamp:3 |       0 |    5577 |   0.0 |       0 |      20 |   0.0 |   989
       Swamp:4 |       0 |    9965 |   0.0 |       0 |      34 |   0.0 |   921
         Orc:1 |       0 |   10623 |   0.0 |       0 |      49 |   0.0 |  1405
         Orc:2 |       0 |   15253 |   0.0 |       0 |     126 |   0.0 |  1743
           Lab |       0 |    4109 |   0.0 |       0 |      10 |   0.0 |   522
       Volcano |       0 |    2124 |   0.0 |       0 |      13 |   0.0 |   504
               +---------+---------+-------+---------+---------+-------+---------

Vault maps used:
D:1:      erik_arrival_blinker_ship, roderic_roman_lattice
D:2:      fedhas_altar_2
D:3:      lemuel_crystal_altar, first_ration, grunt_gozag_breadcrumbs
D:4:      lemuel_crystal_altar, tgw_sif, minmay_temple_entry_oklob,
          mrwooster_statue_mirror, nrook_mini_vaults, nicolae_underground_beach
D:5:      nemelex_dance_club_becter
D:6:      basic_altar, minmay_tree_intersection, cheibriados_altar_1
D:7:      kennysheep_little_box
D:8:      minmay_opposing_rooms, nicolae_dithmenos_shadow_blocks,
          cheibrodos_ashenzari_chains, old_standard_altar, uniq_prince_ribbit1
D:9:      lemuel_doored_altar, marbit_many_paths, hangedman_ranch
D:11:     lair_entry_dummy, uniq_josephine
D:12:     david_orc_5, lab_entry_generic, basic_altar, lemuel_angel_altar
D:13:     kennysheep_cross_room, uniq_frances, uniq_sonja, uniq_nessos
D:14:     hangedman_vaults_entry_quadrant_bands, lemuel_crystal_altar,
          enter_trove_6
D:15:     grunt_enter_depths_giant_problem
Temple:   nicolae_temple_hex_pool
Lair:2:   grunt_forest_stairs_clearing, grunt_megastairs_4
Lair:3:   swamp_mist_pool, guppyfry_snake_entry_garden, basic_altar
Lair:4:   grunt_megastairs_2
Lair:5:   minivault_26, serial_bayou_shore_b
Lair:6:   hangedman_lair_in_review, slime_altar_1,
          nicolae_volcano_entry_lava_flow, infiniplex_staircase_pool
Swamp:1:  serial_swamp_ruin, evilmike_swamp_ruin_wall,
          evilmike_swamp_ruin_rubble_2, evilmike_swamp_ruin_house_5
Swamp:2:  evilmike_swamp_ruin_rubble_1
Swamp:3:  hangedman_swamp_ruin_wall
Swamp:4:  swamp_old_school, uniq_mara
Orc:1:    serial_shops, nicolae_shop_crystal, bh_open_orc_temple
Orc:2:    st_orc_congregation, serial_shops, shop, nicolae_orc_lost_temple
Lab:      nicolae_lab_grate, nicolae_lab_stuck, nicolae_lab_dead_end, lab_block,
          nicolae_lab_lava, labyrinth_skeletal_remains, nicolae_lab_arrow,
          nicolae_lab_garden
Volcano:  volcano_grotto

Table legend:
 A = Turns spent in this place as a percentage of turns spent in the entire game.
 B = Non-inter-level travel turns spent in this place as a percentage of non-inter-level travel turns spent in the entire game.
 C = Inter-level travel turns spent in this place as a percentage of turns spent in this place.
 D = Turns resting spent in this place as a percentage of non-inter-level travel turns spent in this place.
 E = Turns spent auto-exploring this place as a percentage of non-inter-level travel turns spent in this place.
 F = Non-inter-level travel turns spent in this place divided by the number of levels of this place that you've seen.
                   A       B       C       D       E      F
               +-------+-------+-------+-------+-------+----------------------
         Total | 100.0 | 100.0 |   4.2 |  38.1 |  37.5 | 1231.5
       Dungeon |  54.2 |  53.7 |   5.0 |  34.1 |  44.7 | 1323.9
        Temple |   0.3 |   0.4 |   0.0 |  98.5 |   0.0 | 132.0
          Lair |  24.9 |  25.1 |   3.3 |  45.1 |  34.1 | 1546.2
         Swamp |   9.8 |   9.8 |   4.0 |  41.5 |  30.9 | 903.0
  Orcish Mines |   8.2 |   8.2 |   3.4 |  37.2 |  23.6 | 1520.5
     Labyrinth |   1.4 |   1.4 |   0.0 |  23.9 |   0.0 | 522.0
       Volcano |   1.3 |   1.4 |   0.0 |  48.2 |   0.0 | 504.0
               +-------+-------+-------+-------+-------+----------------------

Table legend:
 A = Kills in this place as a percentage of kills in entire the game.
 B = Kills by you in this place as a percentage of kills by you in the entire game.
 C = Kills by friends in this place as a percentage of kills by friends in the entire game.
 D = Other kills in this place as a percentage of other kills in the entire game.
 E = Experience gained in this place as a percentage of experience gained in the entire game.
 F = Experience gained in this place divided by the number of levels of this place that you have seen.
                   A       B       C       D       E      F
               +-------+-------+-------+-------+-------+----------------------
         Total | 100.0 | 100.0 | 100.0 | 100.0 | 100.0 | 5354.7
       Dungeon |  48.2 |  53.1 |  17.0 |  28.6 |  37.2 | 3979.9
          Lair |  17.8 |  14.9 |  36.6 |  28.6 |  24.2 | 6476.8
         Swamp |  10.8 |   9.5 |  17.0 |  42.9 |  18.7 | 7493.0
  Orcish Mines |  20.5 |  19.3 |  29.5 |   0.0 |  16.1 | 12938.0
     Labyrinth |   1.2 |   1.4 |   0.0 |   0.0 |   2.6 | 4109.0
       Volcano |   1.5 |   1.8 |   0.0 |   0.0 |   1.3 | 2124.0
               +-------+-------+-------+-------+-------+----------------------
